 Dungeon Crawl Stone Soup version 0.18.1-8-gdd0e5ea (webtiles) character file.

718 oplop the Covert (level 7, -2/46 HPs)
             Began as a Vampire Enchanter on May 21, 2016.
             Slain by a hill giant
             ... wielding a cursed -2 giant club
              (24 damage)
             ... on level 5 of the Dungeon.
             The game lasted 00:06:15 (3325 turns).

oplop the Covert (Vampire Enchanter)                Turns: 3325, Time: 00:06:16

Health: -2/46      AC:  4    Str:  7    XL:     7   Next: 42%
Magic:  11/14      EV: 13    Int: 18    God:
Gold:   195        SH:  0    Dex: 16    Spells: 5 memorised, 3 levels left

rFire  . . .     SeeInvis +     a - +1 dagger
rCold  + + .     Gourm    .     b - +1 robe
rNeg   + + +     Faith    .     (no shield)
rPois  ∞         Spirit   .     (no helmet)
rElec  .         Dismiss  .     t - +0 cloak
rCorr  +         Reflect  .     (no gloves)
SustAt .         Harm     .     (no boots)
MR     .....                    (no amulet)
Stlth  +++++.....               (no ring)
                                C - ring of resist corrosion

@: bloodless, non-regenerating, not resistant to hostile enchantments, quite
stealthy
A: fangs 3, see invisible, unbreathing
a: Bat Form


You were on level 5 of the Dungeon.
You were bloodless.

You visited 1 branch of the dungeon, and saw 5 of its levels.

You collected 195 gold pieces.

Inventory:

Hand Weapons
 a - a +1 dagger (weapon)
Missiles
 p - 7 needles of confusion
Armour
 b - a +1 robe (worn)
 t - a +0 cloak (worn)
Jewellery
 y - a +4 ring of slaying {unknown}
 C - a ring of resist corrosion (left hand)
Wands
 u - a wand of confusion (17/48)
 v - a wand of random effects (26/48)
 A - a wand of confusion (28/48)
Scrolls
 f - 2 scrolls of remove curse {unknown}
 h - 3 scrolls of teleportation {unknown}
 i - a scroll of enchant armour {unknown}
 j - a scroll of fog {unknown}
 k - 2 scrolls of enchant weapon {unknown}
 o - a scroll of recharging {unknown}
 q - a scroll of noise {unknown}
 s - 3 scrolls of identify {unknown}
 w - 2 scrolls of blinking {unknown}
 x - a scroll of amnesia {unknown}
Potions
 d - 13 potions of blood
 e - a potion of invisibility {unknown}
 g - 3 potions of curing
 l - 2 potions of degeneration {unknown}
 m - a potion of mutation {unknown}
 n - a potion of cure mutation {unknown}
 r - a potion of brilliance {unknown}
 z - a potion of berserk rage {unknown}
 B - a potion of cancellation {unknown}
Books
 c - a book of Maledictions

   Spells                             Type                      Level
   a - Corona                         Hexes                        1
   b - Ensorcelled Hibernation        Hexes/Ice                    2
   c - Confuse                        Hexes                        3
   d - Tukima's Dance                 Hexes                        3
   e - Dazzling Spray                 Conjuration/Hexes            3


   Skills:
 + Level 0.0 Fighting
 + Level 1.1 Short Blades
 + Level 2.1 Dodging
 + Level 8.7 Stealth
 + Level 4.6 Spellcasting
 + Level 8.0 Hexes


You had 3 spell levels left.
You knew the following spells:

 Your Spells              Type           Power        Failure   Level  Hunger
a - Corona                Hex            ####...      1%          1    None
b - Ensorcelled Hibernat  Hex/Ice        ###...       4%          2    #......
c - Confuse               Hex            ####....     1%          3    ###....
d - Tukima's Dance        Hex            ####....     1%          3    ###....
e - Dazzling Spray        Conj/Hex       ###.....     10%         3    ###....


Dungeon Overview and Level Annotations

Branches:
Dungeon (5/15)
 Temple: D:4-7

Altars:
Elyvilon
Nemelex Xobeh
Sif Muna
Trog
Zin


Innate Abilities, Weirdness & Mutations

You do not heal naturally.
You are immune to poison.
You have razor-sharp teeth.
You have supernaturally acute eyesight.
You can survive without breathing.


Message History

A hill giant comes into view. It is wielding a giant club.
A hill giant is nearby!
A hill giant is nearby!
A hill giant is nearby!
The helpless hill giant fails to defend itself.
You bite the hill giant, and draw its blood!
You feel slightly less thirsty.
You skewer the hill giant like a kebab!!!
The hill giant is heavily wounded.
The hill giant hits you with a giant club!!
Ouch! That really hurt!
Casting: Confuse
Confirm with . or Enter, or press ? or * to list all spells.
Aiming: Confuse
Press: ? - help, Shift-Dir - straight line, f - hill giant
Aim: a hill giant, wielding a giant club (heavily wounded, chance to defeat MR: 44%)
The hill giant resists with some effort.
The hill giant hits you with a giant club!!
Ouch! That really hurt!
You die...

........###### #.#
#.....# ####....# #.#
##.....# ##.#.# #.#
#......# #.#.# #.#
#.†....# ##.#.# #.#
#......# #.###....# #.#
#.##.### #........# #.#
#.##.#
####...#########.###.##.#
##....C@.............#
##############.#.####
#.#.# #.#.# #.#.# #.#.#
..... ..#.# ..#


You could see a hill giant.

Vanquished Creatures
  2 phantoms (D:4)
  2 ogres (D:3)
  A scorpion (D:5)
  Crazy Yiuf (D:2)
  A hound (D:4)
  Jessica (D:3)
  Terence (D:3)
  An orc wizard (D:4)
  2 worker ants (D:4)
  4 gnolls (D:4)
  4 adders (D:3)
  A worm (D:2)
  A dart slug (D:1)
  3 giant geckos
  5 orcs
  8 bats
  2 giant cockroaches
  3 goblins
  5 hobgoblins
  4 jackals (D:2)
  5 kobolds
  A quokka (D:3)
  3 giant newts
  5 rats
66 creatures vanquished.

Notes
Turn   | Place    | Note
--------------------------------------------------------------
     0 | D:1      | oplop the Vampire Enchanter began the quest for the Orb.
     0 | D:1      | Reached XP level 1. HP: 13/13 MP: 3/3
   318 | D:1      | Reached XP level 2. HP: 15/19 MP: 5/5
   338 | D:1      | Reached skill level 5 in Hexes
   842 | D:2      | Found a white marble altar of Elyvilon.
   845 | D:2      | Found a sparkling altar of Nemelex Xobeh.
   857 | D:2      | Found a deep blue altar of Sif Muna.
  1069 | D:2      | Reached skill level 5 in Stealth
  1069 | D:2      | Reached XP level 3. HP: 16/24 MP: 4/6
  1087 | D:2      | Learned a level 2 spell: Ensorcelled Hibernation
  1091 | D:2      | Learned a level 3 spell: Confuse
  1233 | D:2      | Noticed Crazy Yiuf
  1248 | D:2      | Killed Crazy Yiuf
  1363 | D:3      | Reached XP level 4. HP: 30/30 MP: 8/8
  1485 | D:3      | Noticed Jessica
  1492 | D:3      | Killed Jessica
  1514 | D:3      | Found a bloodstained altar of Trog.
  1529 | D:3      | Noticed an ogre
  1543 | D:3      | Killed an ogre
  1543 | D:3      | Reached XP level 5. HP: 35/35 MP: 3/10
  1589 | D:3      | Noticed Terence
  1609 | D:3      | Killed Terence
  1804 | D:3      | Noticed an ogre
  1840 | D:3      | Killed an ogre
  1840 | D:3      | Reached XP level 6. HP: 31/41 MP: 0/11
  2076 | D:4      | Found a glowing silver altar of Zin.
  2615 | D:4      | Reached XP level 7. HP: 46/46 MP: 10/13
  3195 | D:5      | Entered Level 5 of the Dungeon
  3271 | D:5      | Learned a level 3 spell: Tukima's Dance
  3275 | D:5      | Learned a level 3 spell: Dazzling Spray
  3304 | D:5      | Noticed a hill giant
  3325 | D:5      | Slain by a hill giant

Skill      XL: |  1  2  3  4  5  6  7 |
---------------+----------------------+-----
Hexes          | 5 6 7 8 |  8.0
Stealth        | 5 6 7 8 |  8.7
Spellcasting   | 3 4 |  4.6
Short Blades   | |  1.1
Dodging        | |  2.1

Action                   |  1- 3 |  4- 6 |  7- 9 || total
-------------------------+-------+-------+-------++-------
Melee: Dagger            |    85 |    99 |    21 ||   205
       Bite              |     5 |     9 |     1 ||    15
 Cast: Corona            |     2 |       |       ||     2
       Ensorcelled Hiber |     2 |    20 |     7 ||    29
       Confuse           |     1 |     9 |     4 ||    14
  Use: Potion            |       |     1 |       ||     1
 Stab: Sleeping          |    10 |    19 |     4 ||    33
       Confused          |     2 |     4 |     1 ||     7
       Distracted        |       |       |     1 ||     1
Armor: Robe              |    25 |    13 |     3 ||    41
Dodge: Dodged            |    65 |    59 |    11 ||   135
